Avalanche vs Blues

Created - Thursday, May 12, 2016 at 02:36

Goals
1 2 3 T
Avalanche 1 0 4 5
Blues 3 0 0 3
Shots
1 2 3 T
Avalanche 7 8 11 26
Blues 18 2 14 34

1st period

1. Blues , Mark Stone 6 (Josh Gorges) at 3:48
2. Avalanche , Christian Ehrhoff 1 (David Pastrnak, Brad Richards) at 11:55 (PP)
3. Blues , Tomas Tatar 7 (Rick Nash) at 16:47
4. Blues , Brandon Saad 4 (Artem Anisimov, Mark Stone) at 19:13 (PP)

Penalties :
Christian Ehrhoff (Col) for Interference (Minor) at 6:50, Zdeno Chara (StL) for Hooking (Minor) at 10:33, Scott Laughton (StL) for Hooking (Minor) at 12:48, Sami Vatanen (Col) for Elbowing (Minor) at 18:58

2nd period

No Goal

Penalties :
Nate Prosser (Col) for Hooking (Minor) at 8:43

3rd period

5. Avalanche , Sami Vatanen 1 (Mark Scheifele, Ryan O'Reilly) at 8:46 (PP)
6. Avalanche , Ryan O'Reilly 8 (David Pastrnak) at 9:17
7. Avalanche , Sami Vatanen 2 (Ryan O'Reilly) at 11:30 (SH)
8. Avalanche , Ryan O'Reilly 9 (Mark Scheifele) at 19:32 (PP)

Penalties :
Hampus Lindholm (StL) for Roughing (Minor) at 1:18, Kevan Miller (StL) for Tripping (Minor) at 8:08, Chris Kelly (Col) for Slashing (Minor) at 10:50, Sami Vatanen (Col) for Hooking (Minor) at 13:06, Kris Letang (StL) for Kneeing (Minor) at 17:41

Goalie Stats

Marc-Andre Fleury (Col), 31 saves from 34 shots - (0.912), W, 10-5-0, 60:00 minutes
Henrik Lundqvist (StL), 21 saves from 26 shots - (0.808), L, 8-6-0, 60:00 minutes

Players Stats for Avalanche

Player Name              G  A  P  +/- PIM S  H  SB GA TA FO     MP     PP MP  PK MP  
------------------------------------------------------------------------------------
Brad Richards            0  1  1  -1  0   3  0  0  0  1  6/10   17:09   2:39   2:13 
Chris Kelly              0  0  0   0  2   0  0  2  0  0  3/7    10:17   0:00   0:57 
Christian Ehrhoff        1  0  1  -1  2   3  0  2  0  0  0/0    20:39   2:48   1:42 
Colton Sceviour          0  0  0   0  0   1  2  0  1  0  0/0     9:02   0:00   0:00 
Daniel Winnik            0  0  0   1  0   1  0  0  0  1  0/2    15:55   0:00   5:58 
David Pastrnak           0  2  2   0  0   1  2  0  1  0  0/0    13:07   2:39   0:00 
Jonas Brodin             0  0  0   2  0   0  0  1  0  1  0/0    22:52   0:00   5:20 
Lee Stempniak            0  0  0   0  0   1  2  0  0  0  1/2    14:02   2:39   0:00 
Marcus Johansson         0  0  0   0  0   0  0  1  1  0  0/0    19:24   5:01   1:16 
Mark Scheifele           0  2  2   0  0   3  1  0  2  2  3/7    16:34   5:10   0:00 
Matt Beleskey            0  0  0   0  0   0  4  1  0  0  1/2    15:39   5:10   0:00 
Matt Dumba               0  0  0  -1  0   0  1  0  0  1  0/0    13:55   2:48   0:00 
Matt Moulson             0  0  0  -1  0   2  0  0  0  0  0/2    10:40   0:00   0:00 
Mike Santorelli          0  0  0  -1  0   1  0  1  0  0  0/0    10:40   0:00   0:00 
Nate Prosser             0  0  0  -1  2   1  1  1  0  0  0/0    14:27   0:00   2:22 
Paul Martin              0  0  0  -1  0   1  1  6  1  2  0/0    17:34   0:00   4:25 
Ryan O'Reilly            2  2  4   1  0   3  1  1  3  0  18/24  22:32   5:10   5:58 
Sami Vatanen             2  0  2   2  4   5  1  3  2  1  0/0    27:16   5:01   2:33 

Players Stats for Blues

Player Name              G  A  P  +/- PIM S  H  SB GA TA FO     MP     PP MP  PK MP  
------------------------------------------------------------------------------------
Anders Lee               0  0  0  -1  0   3  5  0  1  0  1/8    15:47   4:48   0:09 
Artem Anisimov           0  1  1   0  0   0  1  2  1  0  8/17   21:53   4:08   5:42 
Brandon Saad             1  0  1   0  0   3  1  1  2  1  0/1    18:56   4:08   1:52 
Cam Atkinson             0  0  0  -2  0   2  0  0  7  0  0/0    20:07   3:47   6:14 
Hampus Lindholm          0  0  0   1  2   0  0  1  0  0  0/0    16:22   0:00   2:35 
Joe Vitale               0  0  0   0  0   1  0  1  0  0  0/0     9:38   0:00   1:04 
Johan Franzen            0  0  0  -1  0   0  1  0  0  0  1/1    10:04   0:00   0:00 
Josh Gorges              0  1  1   1  0   1  1  3  0  2  0/0    17:20   0:00   3:07 
Kevan Miller             0  0  0   1  2   2  0  1  0  0  0/0     9:54   0:00   0:00 
Kris Letang              0  0  0  -1  2   3  1  0  0  0  0/0    27:24   4:48   3:26 
Mark Fayne               0  0  0   0  0   0  0  0  0  0  0/0     3:04   0:00   2:33 
Mark Stone               1  1  2   0  0   2  0  0  1  0  1/2    16:11   4:08   0:00 
Rick Nash                0  1  1   1  0   6  0  1  0  1  0/1    22:19   3:39   0:00 
Ryan Ellis               0  0  0   0  0   1  1  2  0  0  0/0    13:59   3:23   0:00 
Scott Laughton           0  0  0   0  2   1  2  0  0  0  7/10    9:10   0:00   0:37 
Sean Couturier           0  0  0   1  0   1  2  0  2  1  6/15   18:38   4:03   0:00 
Tomas Tatar              1  0  1   1  0   5  3  0  2  0  0/1    18:38   4:03   0:00 
Zdeno Chara              0  0  0  -1  2   3  3  1  0  2  0/0    22:42   0:00   3:57 

3 Stars

1 - Ryan O'Reilly (Col)
2 - Sami Vatanen (Col)
3 - Tomas Tatar (StL)

Power Play

Avalanche - 3 on 5 Attempt(s) - 60.00%
Blues - 1 on 5 Attempt(s) - 20.00%

Penalty Kill

Avalanche - 4 on 5 Attempt(s) - 80.00% - Score 1 goal in Penalty Kill
Blues - 2 on 5 Attempt(s) - 40.00% - Score 0 goal in Penalty Kill

Team Stat

Avalanche - Hits : 16 - Faceoff Wins : 32 - Blocked Shots : 19 - Penalty Minutes : 10
Blues - Hits : 21 - Faceoff Wins : 24 - Blocked Shots : 13 - Penalty Minutes : 10

Official

Referees : Unknown
Linesman : Unknown

Game Notes

0:34 of 3rd period - Blues goal is going for a video replay. After video review, No Goal. The net was displaced accidentally.
8:46 of 3rd period - Avalanche goal is going for a video replay. After video review, Goal.

Finance

Level 1 -- Attendance: 6000 (100.00%) -- Ticket Income $498,000
Level 2 -- Attendance: 5000 (100.00%) -- Ticket Income $250,000
Level 3 -- Attendance: 2000 (100.00%) -- Ticket Income $56,000
Level 4 -- Attendance: 4000 (100.00%) -- Ticket Income $64,000
Luxury Box -- Attendance: 1000 (100.00%) -- Ticket Income $172,000
Game was played at the Savis Center.
Total Attendance: 18000 (100.00%)
Total Ticket Income: $1,040,000
Other Income: $509,600
Total Income: $1,549,600

Avalanche

5 vs 5 Forward 
   Center                   Left Wing                Right Wing               Time % Phy DF OF 
 1 Ryan O'Reilly            Matt Beleskey            David Pastrnak           40     0   0  5  
 2 Mark Scheifele           Marcus Johansson         Lee Stempniak            30     0   0  5  
 3 Brad Richards            Matt Moulson             Mike Santorelli          15     0   5  0  
 4 Chris Kelly              Daniel Winnik            Colton Sceviour          15     0   5  0  

5 vs 5 Defense 
   Defense                  Defense                                           Time % Phy DF OF 
 1 Jonas Brodin             Sami Vatanen                                      40     0   5  0  
 2 Paul Martin              Christian Ehrhoff                                 30     0   5  0  
 3 Matt Dumba               Nate Prosser                                      20     0   5  0  
 4 Christian Ehrhoff        Sami Vatanen                                      10     0   0  5  

PowerPlay Forward 
   Center                   Left Wing                Right Wing               Time % Phy DF OF 
 1 Ryan O'Reilly            Matt Beleskey            Mark Scheifele           80     0   0  5  
 2 Brad Richards            David Pastrnak           Lee Stempniak            20     0   0  5  

PowerPlay Defense
   Defense                  Defense                                           Time % Phy DF OF 
 1 Marcus Johansson         Sami Vatanen                                      80     0   0  5  
 2 Christian Ehrhoff        Matt Dumba                                        20     0   0  5  

Penalty Kill 4 Players Forward 
   Center                   Wing                     Time % Phy DF OF 
 1 Ryan O'Reilly            Daniel Winnik            60     0   5  0  
 2 Brad Richards            Marcus Johansson         40     0   5  0  

Penalty Kill 4 Players Defense
   Defense                  Defense                  Time % Phy DF OF 
 1 Jonas Brodin             Sami Vatanen             60     0   5  0  
 2 Paul Martin              Nate Prosser             40     0   5  0  

Penalty Kill - 3 Players Forward 
   Forward                                           Time % Phy DF OF 
 1 Ryan O'Reilly                                     60     0   5  0  
 2 Daniel Winnik                                     40     0   5  0  

Penalty Kill - 3 Players Defense
   Defense                  Defense                  Time % Phy DF OF 
 1 Jonas Brodin             Sami Vatanen             60     0   5  0  
 2 Paul Martin              Nate Prosser             40     0   5  0  

4 vs 4 Forward 
   Center                   Wing                     Time % Phy DF OF 
 1 Ryan O'Reilly            Mark Scheifele           70     0   0  5  
 2 Brad Richards            Marcus Johansson         30     0   0  5  

4 vs 4 Defense
   Defense                  Defense                  Time % Phy DF OF 
 1 Sami Vatanen             Jonas Brodin             70     0   0  5  
 2 Paul Martin              Christian Ehrhoff        30     0   0  5  

Last Minutes Offensive
   Center                   Left Wing                Right Wing               Defense                  Defense                  
   Ryan O'Reilly            Marcus Johansson         Mark Scheifele           David Pastrnak           Sami Vatanen             

Last Minutes Defensive
   Center                   Left Wing                Right Wing               Defense                  Defense                  
   Ryan O'Reilly            Daniel Winnik            Mark Scheifele           Jonas Brodin             Paul Martin              

Goaltenders
Starting : Marc-Andre Fleury        
Backup : Eddie Lack               

Extra Forwards
Normal : Ryan O'Reilly, Mark Scheifele, Marcus Johansson - PP : Ryan O'Reilly, Mark Scheifele - PK : Daniel Winnik
Extra Defensemen
Normal : Sami Vatanen, Matt Dumba, Christian Ehrhoff - PP : Sami Vatanen - PK : Jonas Brodin, Paul Martin
Penalty Shots
Ryan O'Reilly, Daniel Winnik, Brad Richards, Marcus Johansson, Mark Scheifele

Blues

5 vs 5 Forward 
   Center                   Left Wing                Right Wing               Time % Phy DF OF 
 1 Sean Couturier           Rick Nash                Tomas Tatar              40     0   0  5  
 2 Artem Anisimov           Brandon Saad             Mark Stone               30     0   0  5  
 3 Anders Lee               Johan Franzen            Cam Atkinson             15     0   5  0  
 4 Scott Laughton           Rick Nash                Joe Vitale               15     0   5  0  

5 vs 5 Defense 
   Defense                  Defense                                           Time % Phy DF OF 
 1 Zdeno Chara              Kris Letang                                       40     0   5  0  
 2 Hampus Lindholm          Josh Gorges                                       30     0   5  0  
 3 Kevan Miller             Ryan Ellis                                        16     1   2  2  
 4 Zdeno Chara              Kris Letang                                       14     0   0  5  

PowerPlay Forward 
   Center                   Left Wing                Right Wing               Time % Phy DF OF 
 1 Sean Couturier           Rick Nash                Tomas Tatar              60     0   0  5  
 2 Artem Anisimov           Brandon Saad             Mark Stone               40     0   0  5  

PowerPlay Defense
   Defense                  Defense                                           Time % Phy DF OF 
 1 Anders Lee               Kris Letang                                       60     0   0  5  
 2 Cam Atkinson             Ryan Ellis                                        40     0   0  5  

Penalty Kill 4 Players Forward 
   Center                   Wing                     Time % Phy DF OF 
 1 Artem Anisimov           Cam Atkinson             60     0   5  0  
 2 Scott Laughton           Joe Vitale               40     0   5  0  

Penalty Kill 4 Players Defense
   Defense                  Defense                  Time % Phy DF OF 
 1 Zdeno Chara              Kris Letang              60     0   5  0  
 2 Hampus Lindholm          Josh Gorges              40     0   5  0  

Penalty Kill - 3 Players Forward 
   Forward                                           Time % Phy DF OF 
 1 Sean Couturier                                    60     0   5  0  
 2 Scott Laughton                                    40     0   5  0  

Penalty Kill - 3 Players Defense
   Defense                  Defense                  Time % Phy DF OF 
 1 Zdeno Chara              Kris Letang              60     0   5  0  
 2 Josh Gorges              Hampus Lindholm          40     0   5  0  

4 vs 4 Forward 
   Center                   Wing                     Time % Phy DF OF 
 1 Sean Couturier           Brandon Saad             60     0   0  5  
 2 Artem Anisimov           Mark Stone               40     0   0  5  

4 vs 4 Defense
   Defense                  Defense                  Time % Phy DF OF 
 1 Zdeno Chara              Kris Letang              60     0   0  5  
 2 Ryan Ellis               Hampus Lindholm          40     0   0  5  

Last Minutes Offensive
   Center                   Left Wing                Right Wing               Defense                  Defense                  
   Sean Couturier           Rick Nash                Tomas Tatar              Zdeno Chara              Kris Letang              

Last Minutes Defensive
   Center                   Left Wing                Right Wing               Defense                  Defense                  
   Sean Couturier           Rick Nash                Tomas Tatar              Zdeno Chara              Kris Letang              

Goaltenders
Starting : Henrik Lundqvist         
Backup : Frederik Andersen        

Extra Forwards
Normal : Anders Lee, Cam Atkinson, Brandon Saad - PP : Anders Lee, Cam Atkinson - PK : Brandon Saad
Extra Defensemen
Normal : Kris Letang, Zdeno Chara, Hampus Lindholm - PP : Kris Letang - PK : Mark Fayne, Zdeno Chara
Penalty Shots
Rick Nash, Sean Couturier, Tomas Tatar, Artem Anisimov, Mark Stone

% Time on Ice - Avalanche

Lines # - Real PCT - Wanted PCT - Time Play
Normal Forward
1 - 26% - 40% - 11:26
2 - 29% - 30% - 12:52
3 - 24% - 15% - 10:40
4 - 21% - 15% - 9:02
Normal Defense
1 - 41% - 40% - 17:53
2 - 30% - 30% - 13:09
3 - 25% - 20% - 11:07
4 - 4% - 10% - 1:51
PP Forward
1 - 66% - 80% - 5:10
2 - 34% - 20% - 2:39
PP Defense
1 - 64% - 80% - 5:01
2 - 36% - 20% - 2:48
PK Forward
1 - 85% - 60% - 6:55
2 - 15% - 40% - 1:16
PK Defense
1 - 58% - 60% - 4:47
2 - 42% - 40% - 3:24
PK3 Forward
1 - 0% - 60%
2 - 0% - 40%
PK3 Defense
1 - 0% - 60%
2 - 0% - 40%
44 Forward
1 - 0% - 70%
2 - 0% - 30%
44 Defense
1 - 0% - 70%
2 - 0% - 30%
Last Minute Offensive  - 0:00
Last Minute Defensive  - 0:00
Total
Forward - 60:00
Defense - 60:00

% Time on Ice - Blues

Lines # - Real PCT - Wanted PCT - Time Play
Normal Forward
1 - 33% - 40% - 14:41
2 - 29% - 30% - 12:50
3 - 20% - 15% - 8:42
4 - 18% - 15% - 7:47
Normal Defense
1 - 36% - 40% - 16:03
2 - 34% - 30% - 14:54
3 - 23% - 16% - 9:55
4 - 7% - 14% - 3:08
PP Forward
1 - 49% - 60% - 4:03
2 - 51% - 40% - 4:08
PP Defense
1 - 59% - 60% - 4:48
2 - 41% - 40% - 3:23
PK Forward
1 - 86% - 60% - 6:45
2 - 14% - 40% - 1:04
PK Defense
1 - 60% - 60% - 4:42
2 - 40% - 40% - 3:07
PK3 Forward
1 - 0% - 60%
2 - 0% - 40%
PK3 Defense
1 - 0% - 60%
2 - 0% - 40%
44 Forward
1 - 0% - 60%
2 - 0% - 40%
44 Defense
1 - 0% - 60%
2 - 0% - 40%
Last Minute Offensive  - 0:00
Last Minute Defensive  - 0:00
Total
Forward - 60:00
Defense - 60:00

Play by Play

1st period


0:01 of 1st period - Ryan O'Reilly wins face-off versus Rick Nash in neutral zone.
0:16 of 1st period - Wrist shot by Tomas Tatar.
0:16 of 1st period - Stopped by Marc-Andre Fleury with a rebound.
0:18 of 1st period - Slapshot by Sean Couturier.
0:18 of 1st period - Shot Blocked by Sami Vatanen.
0:20 of 1st period - Slapshot by Zdeno Chara.
0:20 of 1st period - Shot Blocked by Sami Vatanen.
0:24 of 1st period - Snap shot by Tomas Tatar.
0:24 of 1st period - Shot Blocked by Matt Beleskey.
0:54 of 1st period - Wrist shot by Brandon Saad.
0:54 of 1st period - Stopped by Marc-Andre Fleury with a rebound.
1:38 of 1st period - Matt Moulson is hit by Anders Lee and loses puck.
1:49 of 1st period - Christian Ehrhoff is hit by Ryan Ellis and loses puck.
1:58 of 1st period - Wrist shot by Anders Lee.
1:58 of 1st period - Stopped by Marc-Andre Fleury with a rebound.
2:14 of 1st period - Slapshot by Ryan Ellis.
2:14 of 1st period - Stopped by Marc-Andre Fleury with a rebound.
2:16 of 1st period - Wrist shot by Joe Vitale.
2:16 of 1st period - Shot Misses the Net.
2:18 of 1st period - Backhand shot by Kevan Miller.
2:18 of 1st period - Deflect By Paul Martin.
2:18 of 1st period - Stopped by Marc-Andre Fleury with a rebound.
2:20 of 1st period - Slapshot by Kevan Miller.
2:20 of 1st period - Shot Blocked by Christian Ehrhoff.
2:22 of 1st period - Slapshot by Scott Laughton.
2:22 of 1st period - Shot Blocked by Paul Martin.
2:24 of 1st period - Snap shot by Scott Laughton.
2:24 of 1st period - Shot Misses the Net.
2:26 of 1st period - Backhand shot by Kevan Miller.
2:26 of 1st period - Shot Misses the Net.
2:28 of 1st period - Slapshot by Joe Vitale.
2:28 of 1st period - Shot Blocked by Paul Martin.
2:30 of 1st period - Slapshot by Joe Vitale.
2:30 of 1st period - Shot Blocked by Paul Martin.
2:46 of 1st period - Wrist shot by Tomas Tatar.
2:46 of 1st period - Stopped by Marc-Andre Fleury with a rebound.
2:48 of 1st period - Snap shot by Sean Couturier.
2:48 of 1st period - Shot Blocked by Chris Kelly.
2:50 of 1st period - Slapshot by Zdeno Chara.
2:50 of 1st period - Stopped by Marc-Andre Fleury with a rebound.
2:52 of 1st period - Wrist shot by Kris Letang.
2:52 of 1st period - Stopped by Marc-Andre Fleury without a rebound.
2:53 of 1st period - Chris Kelly wins face-off versus Sean Couturier in Avalanche zone.
3:48 of 1st period - Backhand shot by Mark Stone.
3:48 of 1st period - Goal by Mark Stone - Avalanche : 0 - Blues : 1.
3:49 of 1st period - Matt Beleskey wins face-off versus Artem Anisimov in neutral zone.
3:56 of 1st period - Snap shot by David Pastrnak.
3:56 of 1st period - Stopped by Henrik Lundqvist with a rebound.
4:48 of 1st period - Snap shot by Johan Franzen.
4:48 of 1st period - Shot Misses the Net.
5:18 of 1st period - Wrist shot by Mark Scheifele.
5:18 of 1st period - Stopped by Henrik Lundqvist with a rebound.
5:20 of 1st period - Wrist shot by Lee Stempniak.
5:20 of 1st period - Stopped by Henrik Lundqvist without a rebound.
5:21 of 1st period - Sean Couturier wins face-off versus Chris Kelly in Blues zone.
5:48 of 1st period - Backhand shot by Sami Vatanen.
5:48 of 1st period - Shot Blocked by Kevan Miller.
6:30 of 1st period - Wrist shot by Mark Stone.
6:30 of 1st period - Shot Blocked by Paul Martin.
6:32 of 1st period - Backhand shot by Kris Letang.
6:32 of 1st period - Shot Misses the Net.
6:34 of 1st period - Backhand shot by Mark Stone.
6:34 of 1st period - Shot Blocked by Paul Martin.
6:36 of 1st period - Wrist shot by Kris Letang.
6:36 of 1st period - Shot Misses the Net.
6:50 of 1st period - Minor Penalty to Christian Ehrhoff for Interference.
6:51 of 1st period - Artem Anisimov wins face-off versus Ryan O'Reilly in Avalanche zone.
7:34 of 1st period - Daniel Winnik is hit by Anders Lee and loses puck.
8:50 of 1st period - Penalty to Christian Ehrhoff is over, Christian Ehrhoff is back on ice.
9:44 of 1st period - Snap shot by Mark Stone.
9:44 of 1st period - Deflect By Jonas Brodin.
9:44 of 1st period - Stopped by Marc-Andre Fleury with a rebound.
9:46 of 1st period - Slapshot by Josh Gorges.
9:46 of 1st period - Shot Misses the Net.
9:48 of 1st period - Backhand shot by Josh Gorges.
9:48 of 1st period - Stopped by Marc-Andre Fleury with a rebound.
10:18 of 1st period - Wrist shot by Ryan O'Reilly.
10:18 of 1st period - Stopped by Henrik Lundqvist without a rebound.
10:19 of 1st period - Scott Laughton wins face-off versus Ryan O'Reilly in Blues zone.
10:33 of 1st period - Minor Penalty to Zdeno Chara for Hooking.
10:34 of 1st period - Ryan O'Reilly wins face-off versus Artem Anisimov in Blues zone.
11:10 of 1st period - Artem Anisimov is hit by Sami Vatanen and loses puck.
11:53 of 1st period - Wrist shot by David Pastrnak.
11:53 of 1st period - Shot Blocked by Joe Vitale.
11:55 of 1st period - Slapshot by Christian Ehrhoff.
11:55 of 1st period - Deflect By Hampus Lindholm.
11:55 of 1st period - Goal by Christian Ehrhoff - Avalanche : 1 - Blues : 1.
11:56 of 1st period - Sean Couturier wins face-off versus Daniel Winnik in neutral zone.
12:19 of 1st period - Snap shot by Tomas Tatar.
12:19 of 1st period - Stopped by Marc-Andre Fleury with a rebound.
12:21 of 1st period - Slapshot by Zdeno Chara.
12:21 of 1st period - Stopped by Marc-Andre Fleury with a rebound.
12:23 of 1st period - Snap shot by Zdeno Chara.
12:23 of 1st period - Stopped by Marc-Andre Fleury with a rebound.
12:25 of 1st period - Slapshot by Kris Letang.
12:25 of 1st period - Stopped by Marc-Andre Fleury without a rebound.
12:26 of 1st period - Scott Laughton wins face-off versus Brad Richards in Avalanche zone.
12:45 of 1st period - Wrist shot by Brad Richards.
12:45 of 1st period - Stopped by Henrik Lundqvist without a rebound.
12:46 of 1st period - Scott Laughton wins face-off versus Brad Richards in Blues zone.
12:48 of 1st period - Minor Penalty to Scott Laughton for Hooking.
12:49 of 1st period - Artem Anisimov wins face-off versus Matt Beleskey in Blues zone.
13:34 of 1st period - Hampus Lindholm is hit by Lee Stempniak and loses puck.
14:01 of 1st period - Wrist shot by Mark Scheifele.
14:01 of 1st period - Shot Misses the Net.
14:21 of 1st period - Snap shot by David Pastrnak.
14:21 of 1st period - Shot Blocked by Josh Gorges.
14:23 of 1st period - Snap shot by Lee Stempniak.
14:23 of 1st period - Shot Misses the Net.
14:25 of 1st period - Slapshot by Christian Ehrhoff.
14:25 of 1st period - Shot Blocked by Josh Gorges.
14:48 of 1st period - Penalty to Scott Laughton is over, Scott Laughton is back on ice.
15:01 of 1st period - Daniel Winnik is hit by Brandon Saad and loses puck.
16:04 of 1st period - Wrist shot by Tomas Tatar.
16:04 of 1st period - Shot Misses the Net.
16:29 of 1st period - Slapshot by Johan Franzen.
16:29 of 1st period - Shot Misses the Net.
16:31 of 1st period - Wrist shot by Cam Atkinson.
16:31 of 1st period - Deflect By Anders Lee.
16:31 of 1st period - Stopped by Marc-Andre Fleury with a rebound.
16:47 of 1st period - Slapshot by Tomas Tatar.
16:47 of 1st period - Goal by Tomas Tatar - Avalanche : 1 - Blues : 2.
16:48 of 1st period - Artem Anisimov wins face-off versus Chris Kelly in neutral zone.
17:16 of 1st period - Icing by Sami Vatanen.
17:17 of 1st period - Sean Couturier wins face-off versus Chris Kelly in Avalanche zone.
17:26 of 1st period - Snap shot by Rick Nash.
17:26 of 1st period - Shot Misses the Net.
18:08 of 1st period - Snap shot by Mark Scheifele.
18:08 of 1st period - Stopped by Henrik Lundqvist without a rebound.
18:09 of 1st period - Ryan O'Reilly wins face-off versus Anders Lee in Blues zone.
18:58 of 1st period - Minor Penalty to Sami Vatanen for Elbowing.
18:59 of 1st period - Mark Stone wins face-off versus Daniel Winnik in Avalanche zone.
19:13 of 1st period - Snap shot by Brandon Saad.
19:13 of 1st period - Goal by Brandon Saad - Avalanche : 1 - Blues : 3.
19:14 of 1st period - Mark Scheifele wins face-off versus Sean Couturier in neutral zone.
19:19 of 1st period - Snap shot by Marcus Johansson.
19:19 of 1st period - Shot Misses the Net.
19:25 of 1st period - Snap shot by Marcus Johansson.
19:25 of 1st period - Shot Hit the Post.
19:52 of 1st period - Slapshot by Tomas Tatar.
19:52 of 1st period - Shot Blocked by Marcus Johansson.
Goals for this period are 1 for Avalanche vs 3 for Blues.
Shots for this period are 7 for Avalanche vs 18 for Blues.

2nd period


0:01 of 2nd period - Sean Couturier wins face-off versus Ryan O'Reilly in neutral zone.
1:06 of 2nd period - Wrist shot by Marcus Johansson.
1:06 of 2nd period - Shot Misses the Net.
1:08 of 2nd period - Slapshot by Paul Martin.
1:08 of 2nd period - Stopped by Henrik Lundqvist with a rebound.
1:10 of 2nd period - Slapshot by Christian Ehrhoff.
1:10 of 2nd period - Stopped by Henrik Lundqvist with a rebound.
1:30 of 2nd period - Snap shot by Marcus Johansson.
1:30 of 2nd period - Shot Misses the Net.
1:32 of 2nd period - Wrist shot by Mark Scheifele.
1:32 of 2nd period - Stopped by Henrik Lundqvist with a rebound.
1:56 of 2nd period - Snap shot by Matt Moulson.
1:56 of 2nd period - Stopped by Henrik Lundqvist with a rebound.
1:58 of 2nd period - Slapshot by Nate Prosser.
1:58 of 2nd period - Deflect By Matt Moulson.
1:58 of 2nd period - Shot Blocked by Artem Anisimov.
1:58 of 2nd period - Puck is out of play.
1:59 of 2nd period - Chris Kelly wins face-off versus Anders Lee in Blues zone.
2:09 of 2nd period - Snap shot by Colton Sceviour.
2:09 of 2nd period - Shot Misses the Net.
2:11 of 2nd period - Slapshot by Matt Dumba.
2:11 of 2nd period - Deflect By Chris Kelly.
2:11 of 2nd period - Shot Misses the Net.
2:11 of 2nd period - Puck is out of play.
2:12 of 2nd period - Anders Lee wins face-off versus Chris Kelly in Blues zone.
3:07 of 2nd period - Ryan O'Reilly is hit by Tomas Tatar.
3:19 of 2nd period - Kevan Miller is hit by David Pastrnak and loses puck.
3:37 of 2nd period - Rick Nash is hit by Matt Beleskey and loses puck.
4:02 of 2nd period - Snap shot by Marcus Johansson.
4:02 of 2nd period - Shot Misses the Net.
4:52 of 2nd period - Zdeno Chara is hit by Nate Prosser and loses puck.
5:23 of 2nd period - Josh Gorges is hit by Matt Dumba and loses puck.
5:52 of 2nd period - Rick Nash is hit by David Pastrnak and loses puck.
6:23 of 2nd period - Kevan Miller is hit by Colton Sceviour and loses puck.
6:46 of 2nd period - Wrist shot by Marcus Johansson.
6:46 of 2nd period - Deflect By Mark Scheifele.
6:46 of 2nd period - Shot Blocked by Ryan Ellis.
6:46 of 2nd period - Puck is out of play.
6:47 of 2nd period - Mark Scheifele wins face-off versus Artem Anisimov in Blues zone.
7:43 of 2nd period - Anders Lee is hit by Ryan O'Reilly and loses puck.
8:35 of 2nd period - Wrist shot by Johan Franzen.
8:35 of 2nd period - Shot Blocked by Mike Santorelli.
8:37 of 2nd period - Wrist shot by Cam Atkinson.
8:37 of 2nd period - Shot Misses the Net.
8:43 of 2nd period - Minor Penalty to Nate Prosser for Hooking.
8:44 of 2nd period - Ryan O'Reilly wins face-off versus Sean Couturier in Avalanche zone.
9:19 of 2nd period - Daniel Winnik is hit by Artem Anisimov and loses puck.
9:40 of 2nd period - Snap shot by Rick Nash.
9:40 of 2nd period - Stopped by Marc-Andre Fleury without a rebound.
9:41 of 2nd period - Ryan O'Reilly wins face-off versus Sean Couturier in Avalanche zone.
10:42 of 2nd period - Snap shot by Ryan O'Reilly.
10:42 of 2nd period - Shot Misses the Net.
10:43 of 2nd period - Penalty to Nate Prosser is over, Nate Prosser is back on ice.
11:54 of 2nd period - Sami Vatanen is hit by Anders Lee and loses puck.
12:43 of 2nd period - Slapshot by Christian Ehrhoff.
12:43 of 2nd period - Stopped by Henrik Lundqvist without a rebound.
12:44 of 2nd period - Scott Laughton wins face-off versus Brad Richards in Blues zone.
12:57 of 2nd period - Slapshot by Sami Vatanen.
12:57 of 2nd period - Shot Misses the Net.
12:59 of 2nd period - Snap shot by Sami Vatanen.
12:59 of 2nd period - Deflect By Brad Richards.
12:59 of 2nd period - Shot Blocked by Ryan Ellis.
12:59 of 2nd period - Puck is out of play.
13:00 of 2nd period - Scott Laughton wins face-off versus Matt Moulson in Blues zone.
13:10 of 2nd period - Snap shot by Matt Moulson.
13:10 of 2nd period - Stopped by Henrik Lundqvist with a rebound.
13:36 of 2nd period - Off-side.
13:37 of 2nd period - Johan Franzen wins face-off versus Mark Scheifele in neutral zone.
13:39 of 2nd period - Off-side.
13:40 of 2nd period - Mark Scheifele wins face-off versus Anders Lee in neutral zone.
14:16 of 2nd period - Wrist shot by Mark Stone.
14:16 of 2nd period - Shot Misses the Net.
14:34 of 2nd period - Jonas Brodin is hit by Zdeno Chara and loses puck.
15:09 of 2nd period - Snap shot by Joe Vitale.
15:09 of 2nd period - Stopped by Marc-Andre Fleury with a rebound.
15:11 of 2nd period - Slapshot by Joe Vitale.
15:11 of 2nd period - Shot Misses the Net.
15:31 of 2nd period - Wrist shot by Matt Moulson.
15:31 of 2nd period - Deflect By Anders Lee.
15:31 of 2nd period - Shot Blocked by Josh Gorges.
15:31 of 2nd period - Puck is out of play.
15:32 of 2nd period - Brad Richards wins face-off versus Anders Lee in Blues zone.
15:40 of 2nd period - Icing by Anders Lee.
15:41 of 2nd period - Brad Richards wins face-off versus Anders Lee in Blues zone.
17:05 of 2nd period - Snap shot by David Pastrnak.
17:05 of 2nd period - Shot Misses the Net.
17:07 of 2nd period - Slapshot by Nate Prosser.
17:07 of 2nd period - Stopped by Henrik Lundqvist with a rebound.
17:25 of 2nd period - Matt Beleskey is hit by Johan Franzen and loses puck.
19:32 of 2nd period - Marcus Johansson is hit by Kris Letang and loses puck.
19:59 of 2nd period - Snap shot by Matt Moulson.
19:59 of 2nd period - Deflect By Mike Santorelli.
19:59 of 2nd period - Stopped by Henrik Lundqvist without a rebound.
Goals for this period are 0 for Avalanche vs 0 for Blues.
Shots for this period are 8 for Avalanche vs 2 for Blues.

3rd period


0:01 of 3rd period - Ryan O'Reilly wins face-off versus Tomas Tatar in neutral zone.
0:26 of 3rd period - Wrist shot by Rick Nash.
0:26 of 3rd period - Shot Blocked by Ryan O'Reilly.
0:28 of 3rd period - Wrist shot by Kris Letang.
0:28 of 3rd period - Stopped by Marc-Andre Fleury with a rebound.
0:30 of 3rd period - Snap shot by Sean Couturier.
0:30 of 3rd period - Shot Blocked by Sami Vatanen.
0:32 of 3rd period - Slapshot by Zdeno Chara.
0:32 of 3rd period - Shot Misses the Net.
0:34 of 3rd period - Snap shot by Sean Couturier.
0:34 of 3rd period - Blues goal is going for a video replay.
0:34 of 3rd period - The goal is refused. The net was displaced accidentally..
0:35 of 3rd period - Artem Anisimov wins face-off versus Mark Scheifele in Avalanche zone.
0:54 of 3rd period - Snap shot by Mark Stone.
0:54 of 3rd period - Shot Misses the Net.
1:18 of 3rd period - Minor Penalty to Hampus Lindholm for Roughing.
1:19 of 3rd period - Ryan O'Reilly wins face-off versus Artem Anisimov in Blues zone.
1:47 of 3rd period - Zdeno Chara is hit by Mark Scheifele and loses puck.
1:58 of 3rd period - Kris Letang is hit by Lee Stempniak and loses puck.
2:44 of 3rd period - Mark Scheifele is hit by Zdeno Chara and loses puck.
3:18 of 3rd period - Penalty to Hampus Lindholm is over, Hampus Lindholm is back on ice.
3:32 of 3rd period - Sami Vatanen is hit by Sean Couturier and loses puck.
3:41 of 3rd period - Mark Fayne is hit by Colton Sceviour and loses puck.
3:46 of 3rd period - Snap shot by Colton Sceviour.
3:46 of 3rd period - Stopped by Henrik Lundqvist with a rebound.
3:48 of 3rd period - Slapshot by Sami Vatanen.
3:48 of 3rd period - Stopped by Henrik Lundqvist without a rebound.
3:49 of 3rd period - Brad Richards wins face-off versus Scott Laughton in Blues zone.
4:02 of 3rd period - Slapshot by Ryan Ellis.
4:02 of 3rd period - Deflect By Rick Nash.
4:02 of 3rd period - Stopped by Marc-Andre Fleury without a rebound.
4:03 of 3rd period - Brad Richards wins face-off versus Scott Laughton in Avalanche zone.
4:03 of 3rd period - Brad Richards is hit by Scott Laughton.
4:41 of 3rd period - Snap shot by Rick Nash.
4:41 of 3rd period - Stopped by Marc-Andre Fleury with a rebound.
4:43 of 3rd period - Snap shot by Kevan Miller.
4:43 of 3rd period - Shot Blocked by Christian Ehrhoff.
4:45 of 3rd period - Slapshot by Kevan Miller.
4:45 of 3rd period - Shot Blocked by Paul Martin.
4:47 of 3rd period - Slapshot by Kevan Miller.
4:47 of 3rd period - Deflect By Chris Kelly.
4:47 of 3rd period - Stopped by Marc-Andre Fleury with a rebound.
6:07 of 3rd period - Wrist shot by Mark Scheifele.
6:07 of 3rd period - Shot Blocked by Rick Nash.
6:41 of 3rd period - Slapshot by Brad Richards.
6:41 of 3rd period - Stopped by Henrik Lundqvist without a rebound.
6:42 of 3rd period - Scott Laughton wins face-off versus Brad Richards in Blues zone.
7:23 of 3rd period - Paul Martin is hit by Zdeno Chara and loses puck.
7:56 of 3rd period - Slapshot by Tomas Tatar.
7:56 of 3rd period - Stopped by Marc-Andre Fleury with a rebound.
8:08 of 3rd period - Minor Penalty to Kevan Miller for Tripping.
8:09 of 3rd period - Artem Anisimov wins face-off versus Ryan O'Reilly in Blues zone.
8:18 of 3rd period - Artem Anisimov is hit by Matt Beleskey.
8:44 of 3rd period - Snap shot by Mark Scheifele.
8:44 of 3rd period - Shot Blocked by Zdeno Chara.
8:46 of 3rd period - Wrist shot by Sami Vatanen.
8:46 of 3rd period - Avalanche goal is going for a video replay.
8:46 of 3rd period - The goal is good.
8:46 of 3rd period - Goal by Sami Vatanen - Avalanche : 2 - Blues : 3.
8:47 of 3rd period - Sean Couturier wins face-off versus Matt Moulson in neutral zone.
8:52 of 3rd period - Christian Ehrhoff is hit by Tomas Tatar.
8:53 of 3rd period - Icing by Christian Ehrhoff.
8:54 of 3rd period - Brad Richards wins face-off versus Sean Couturier in Avalanche zone.
9:07 of 3rd period - Snap shot by Matt Moulson.
9:07 of 3rd period - Deflect By Rick Nash.
9:07 of 3rd period - Shot Misses the Net.
9:07 of 3rd period - Puck is out of play.
9:08 of 3rd period - Ryan O'Reilly wins face-off versus Anders Lee in Blues zone.
9:17 of 3rd period - Wrist shot by Ryan O'Reilly.
9:17 of 3rd period - Goal by Ryan O'Reilly - Avalanche : 3 - Blues : 3.
9:18 of 3rd period - Ryan O'Reilly wins face-off versus Sean Couturier in neutral zone.
9:23 of 3rd period - Zdeno Chara is hit by Matt Beleskey and loses puck.
10:50 of 3rd period - Minor Penalty to Chris Kelly for Slashing.
10:51 of 3rd period - Ryan O'Reilly wins face-off versus Sean Couturier in Avalanche zone.
11:28 of 3rd period - Snap shot by Daniel Winnik.
11:28 of 3rd period - Deflect By Ryan O'Reilly.
11:28 of 3rd period - Shot Misses the Net.
11:28 of 3rd period - Puck is out of play.
11:29 of 3rd period - Ryan O'Reilly wins face-off versus Artem Anisimov in Blues zone.
11:30 of 3rd period - Slapshot by Sami Vatanen.
11:30 of 3rd period - Goal by Sami Vatanen - Avalanche : 4 - Blues : 3.
11:31 of 3rd period - Sean Couturier wins face-off versus Ryan O'Reilly in neutral zone.
12:00 of 3rd period - Snap shot by Rick Nash.
12:00 of 3rd period - Shot Misses the Net.
12:02 of 3rd period - Wrist shot by Rick Nash.
12:02 of 3rd period - Stopped by Marc-Andre Fleury without a rebound.
12:03 of 3rd period - Ryan O'Reilly wins face-off versus Artem Anisimov in Avalanche zone.
12:50 of 3rd period - Penalty to Chris Kelly is over, Chris Kelly is back on ice.
13:06 of 3rd period - Minor Penalty to Sami Vatanen for Hooking.
13:07 of 3rd period - Ryan O'Reilly wins face-off versus Sean Couturier in Avalanche zone.
13:07 of 3rd period - Ryan O'Reilly is hit by Sean Couturier.
13:24 of 3rd period - Slapshot by Kris Letang.
13:24 of 3rd period - Shot Blocked by Jonas Brodin.
13:34 of 3rd period - Jonas Brodin is hit by Anders Lee and loses puck.
13:59 of 3rd period - Jonas Brodin is hit by Anders Lee and loses puck.
14:37 of 3rd period - Christian Ehrhoff is hit by Tomas Tatar and loses puck.
15:05 of 3rd period - Slapshot by Cam Atkinson.
15:05 of 3rd period - Shot Blocked by Chris Kelly.
15:06 of 3rd period - Penalty to Sami Vatanen is over, Sami Vatanen is back on ice.
15:07 of 3rd period - Snap shot by Cam Atkinson.
15:07 of 3rd period - Stopped by Marc-Andre Fleury without a rebound.
15:08 of 3rd period - Artem Anisimov wins face-off versus Mark Scheifele in Avalanche zone.
15:09 of 3rd period - Snap shot by Brandon Saad.
15:09 of 3rd period - Stopped by Marc-Andre Fleury without a rebound.
15:10 of 3rd period - Artem Anisimov wins face-off versus Lee Stempniak in Avalanche zone.
15:23 of 3rd period - Wrist shot by Cam Atkinson.
15:23 of 3rd period - Stopped by Marc-Andre Fleury with a rebound.
15:25 of 3rd period - Snap shot by Joe Vitale.
15:25 of 3rd period - Shot Blocked by Nate Prosser.
15:27 of 3rd period - Snap shot by Scott Laughton.
15:27 of 3rd period - Stopped by Marc-Andre Fleury with a rebound.
15:29 of 3rd period - Wrist shot by Rick Nash.
15:29 of 3rd period - Stopped by Marc-Andre Fleury without a rebound.
15:30 of 3rd period - Scott Laughton wins face-off versus Ryan O'Reilly in Avalanche zone.
15:33 of 3rd period - Snap shot by Rick Nash.
15:33 of 3rd period - Stopped by Marc-Andre Fleury without a rebound.
15:34 of 3rd period - Ryan O'Reilly wins face-off versus Scott Laughton in Avalanche zone.
15:34 of 3rd period - Ryan O'Reilly is hit by Scott Laughton.
16:00 of 3rd period - Hampus Lindholm is hit by Matt Beleskey.
16:12 of 3rd period - Lee Stempniak is hit by Josh Gorges and loses puck.
16:35 of 3rd period - Snap shot by Anders Lee.
16:35 of 3rd period - Stopped by Marc-Andre Fleury without a rebound.
16:36 of 3rd period - Chris Kelly wins face-off versus Anders Lee in Avalanche zone.
16:42 of 3rd period - Kris Letang is hit by Paul Martin and loses puck.
16:49 of 3rd period - Snap shot by Colton Sceviour.
16:49 of 3rd period - Shot Misses the Net.
16:51 of 3rd period - Slapshot by Daniel Winnik.
16:51 of 3rd period - Shot Misses the Net.
16:53 of 3rd period - Snap shot by Daniel Winnik.
16:53 of 3rd period - Shot Misses the Net.
16:55 of 3rd period - Wrist shot by Chris Kelly.
16:55 of 3rd period - Shot Misses the Net.
16:57 of 3rd period - Wrist shot by Daniel Winnik.
16:57 of 3rd period - Stopped by Henrik Lundqvist without a rebound.
16:58 of 3rd period - Brad Richards wins face-off versus Artem Anisimov in Blues zone.
17:41 of 3rd period - Minor Penalty to Kris Letang for Kneeing.
17:42 of 3rd period - Artem Anisimov wins face-off versus Mark Scheifele in Blues zone.
17:59 of 3rd period - Snap shot by Mark Scheifele.
17:59 of 3rd period - Shot Misses the Net.
18:01 of 3rd period - Wrist shot by Marcus Johansson.
18:01 of 3rd period - Shot Blocked by Hampus Lindholm.
18:03 of 3rd period - Slapshot by Sami Vatanen.
18:03 of 3rd period - Stopped by Henrik Lundqvist with a rebound.
18:05 of 3rd period - Snap shot by Ryan O'Reilly.
18:05 of 3rd period - Shot Misses the Net.
18:07 of 3rd period - Backhand shot by Sami Vatanen.
18:07 of 3rd period - Stopped by Henrik Lundqvist without a rebound.
18:08 of 3rd period - Ryan O'Reilly wins face-off versus Artem Anisimov in Blues zone.
18:21 of 3rd period - Snap shot by Ryan O'Reilly.
18:21 of 3rd period - Shot Blocked by Artem Anisimov.
19:06 of 3rd period - Wrist shot by Brad Richards.
19:06 of 3rd period - Stopped by Henrik Lundqvist without a rebound.
19:07 of 3rd period - Todd Richards call a timeout for Blues.
19:07 of 3rd period - Ryan O'Reilly wins face-off versus Brandon Saad in Blues zone.
19:18 of 3rd period - Snap shot by Ryan O'Reilly.
19:18 of 3rd period - Shot Misses the Net.
19:24 of 3rd period - Wrist shot by Mark Scheifele.
19:24 of 3rd period - Deflect By Ryan O'Reilly.
19:24 of 3rd period - Shot Blocked by Brandon Saad.
19:24 of 3rd period - Puck is out of play.
19:25 of 3rd period - Ryan O'Reilly wins face-off versus Artem Anisimov in Blues zone.
19:32 of 3rd period - Slapshot by Ryan O'Reilly.
19:32 of 3rd period - Goal by Ryan O'Reilly - Avalanche : 5 - Blues : 3.
19:33 of 3rd period - Ryan O'Reilly wins face-off versus Sean Couturier in neutral zone.
19:58 of 3rd period - Off-side.
19:59 of 3rd period - Lee Stempniak wins face-off versus Mark Stone in neutral zone.
Goals for this period are 4 for Avalanche vs 0 for Blues.
Shots for this period are 11 for Avalanche vs 14 for Blues.